 Dungeon Crawl Stone Soup version 0.30.1-1-g62c8e00024 (webtiles) character file.

Game seed: 17103242247802453746

3061 Gorgoleon the Skirmisher (level 9, -16/42 HPs)
             Began as a Spriggan Hunter on July 17, 2023.
             Was a Follower of Okawaru.
             Shot with a sling bullet by Joseph (19 damage)
             ... on level 8 of the Dungeon.
             The game lasted 00:23:17 (6815 turns).

Gorgoleon the Skirmisher (Spriggan Hunter)          Turns: 6815, Time: 00:23:18

Health: -16/42     AC:  3    Str:  7    XL:     9   Next: 57%
Magic:  10/10      EV: 21    Int: 10    God:    Okawaru [*.....]
Gold:   2807       SH:  0    Dex: 23    Spells: 8/8 levels left

rFire   . . .        a - +0 shortbow
rCold   . . .        (shield currently unavailable)
rNeg    . . .        c - +1 robe
rPois   .            (helmet restricted)
rElec   .            (no cloak)
rCorr   .            (gloves unavailable)
SInv    +            (boots unavailable)
Will    +....        (no amulet)
Stlth   +++          (no ring)
HPRegen 0.27/turn    (no ring)
MPRegen 0.12/turn

%: no passive effects
@: hasted, very quick
A: very small, no large weapons, unfitting armour, see invisible, speed 3
a: Renounce Religion, Heroism


You were on level 8 of the Dungeon.
You worshipped Okawaru.
Okawaru was aware of your devotion.
You visited 2 branches of the dungeon, and saw 9 of its levels.
You also visited: Ossuary.

You collected 2807 gold pieces.

Inventory:

Hand Weapons
 a - a +0 shortbow (weapon)
Armour
 c - a +1 robe (worn)
Jewellery
 d - an amulet of regeneration
 t - a ring of flight
 w - a +6 ring of strength
Wands
 j - a wand of flame (15)
 n - a wand of digging (4)
 o - a wand of mindburst (8)
 p - a wand of paralysis (11)
 y - a wand of iceblast (7)
Scrolls
 b - 6 scrolls of immolation
 l - 3 scrolls of fear
 m - 2 scrolls of vulnerability
 x - a scroll of fog
 z - a scroll of poison
 B - 3 scrolls of teleportation {unknown}
 D - a scroll of summoning
 E - a scroll of identify
 F - a scroll of brand weapon {unknown}
 G - a scroll of amnesia
Potions
 e - 2 potions of mutation
 f - 5 potions of lignification
 g - 5 potions of curing
 h - a potion of cancellation
 i - 2 potions of haste
 k - 4 potions of brilliance
 q - a potion of degeneration
 r - a potion of heal wounds
 s - a potion of ambrosia {unknown}
 u - a potion of resistance {unknown}
 v - 2 potions of might
 A - a potion of flight {unknown}
 C - a potion of magic {unknown}


   Skills:
 - Level 2.0 Fighting
 + Level 13.1 Ranged Weapons
 - Level 5.0 Dodging
 - Level 5.0 Stealth


You had 8 spell levels left.
You didn't know any spells.
Your spell library contained the following spells:

 Spells                   Type           Power      Damage    Failure   Level
 Slow                     Hex            0%         N/A       36%         1
 Confusing Touch          Hex            0%         N/A       75%         3
 Vampiric Draining        Necr           0%         2d6       75%         3
 Eringya's Noxious Bog    Tmut/Pois      0%         N/A       100%        6
 Summon Forest            Summ/Tloc      Unusable   N/A       N/A         5
 Summon Hydra             Summ           Unusable   N/A       N/A         7

Dungeon Overview and Level Annotations

Branches:
Dungeon (8/15)             Temple (1/1) D:6         Ossuary (visited)
   Lair: D:8-11

Altars:
Ashenzari
Cheibriados
Elyvilon
Fedhas
Gozag
Hepliaklqana
Kikubaaqudgha
Makhleb
Okawaru
Qazlal
Ru
Sif Muna
Trog
Uskayaw
Vehumet
Wu Jian
Xom
Yredelemnul
Zin
The Shining One

Shops:
D:8 [

Annotations:
D:8 Joseph, Maggie


Innate Abilities, Weirdness & Mutations

You are very small and have problems with some larger weapons.
You are too small for most types of armour.
You have supernaturally acute eyesight. (SInv)
You cover ground extremely quickly. (Speed+++)


Message History

Maggie attempts to bespell you! You resist with almost no effort.
Maggie mumbles some strange words.
Maggie attempts to bespell you!
You are mesmerised by Maggie!
You cannot move away from Maggie!
You cannot move away from Maggie!
You cannot move away from Maggie!
You cannot move away from Maggie!
You shoot an arrow. The arrow hits Maggie.
Maggie is moderately wounded.
Maggie zaps a wand.
The mass of ice explodes!
The iceblast engulfs you!
You shoot an arrow.
The arrow hits Maggie but does no damage.
Maggie is moderately wounded.
You shoot an arrow. The arrow hits Joseph.
Joseph is severely wounded.
You break out of your daze!
You shoot an arrow.
The arrow hits Joseph but does no damage.
Joseph is severely wounded.
Joseph shoots a sling bullet.
The sling bullet barely misses you.
You see here a +0 buckler.
You shoot an arrow. The arrow closely misses Joseph.
Joseph shoots a sling bullet.
The sling bullet closely misses you.
You shoot an arrow.
The arrow hits Joseph but does no damage.
Joseph is severely wounded.
You shoot an arrow. The arrow hits Joseph.
Joseph is severely wounded.
Joseph shoots a sling bullet.
The sling bullet closely misses you.
Maggie practices a pose.
Joseph shoots a sling bullet.
The sling bullet hits you!
* * * LOW HITPOINT WARNING * * *
You feel much better.
Joseph shoots a sling bullet.
The sling bullet hits you!
You feel yourself speed up.
Maggie points at you and mumbles some strange words.
The bolt of fire hits you!
* * * LOW HITPOINT WARNING * * *
Joseph shoots a sling bullet.
The sling bullet hits you!!
You die...

.# #.##### #.# #.# .#
#.....# #.# #.### #.#
.# #####.# #.# #...
... .# #.# #.# #..
#.# .# #.# #.# #@#
#.# .# #.# ##.####.##
#.# .# #.# #....@...#
#.# .#
#.#####..#>[...####.#
.##
#.#.@..[.@...........
..#######
#|#.###.#....#.######
.∩).))..#####.#.#
#...........###
..#####.......#.#
#............## .##
#..######.#
#..##.##.##..## ##
#..# #.#
#..##.##.##..## #..#
#.# #..##.##.##..##
#<.# #.#
#..##..........
#..######.#
#..............


You could see Joseph and Maggie.

Vanquished Creatures
  A kobold demonologist (D:6)
  Sigmund (D:2)
  A steam dragon (D:4)
  2 ice beasts
  A sky beast (D:6)
  A black bear (D:6)
  2 ogres
  A centaur (D:7)
  A phantom (D:5)
  2 kobold brigands
  5 bullfrogs
  4 scorpions
  A wight (Ossuary)
  3 water moccasin zombies (Ossuary)
  4 killer bees
  A bullfrog zombie (Ossuary)
  3 centaur zombies (Ossuary)
  2 orc priests (D:7)
  A hound (D:5)
  4 iguanas
  Ijyb (D:4)
  A sleepcap (D:7)
  3 orc wizards
  Robin (D:2)
  3 gnolls
  12 adders
  3 shadow imps
  A white imp (D:7)
  2 adder zombies (Ossuary)
  3 worms
  4 dart slugs
  23 orcs
  3 endoplasms
  4 giant cockroaches
  13 goblins
  7 hobgoblins
  3 jackals (D:1)
  4 quokkas
  4 ball pythons
  2 bats
  3 frilled lizards
  A goblin zombie (Ossuary)
  4 hobgoblin zombies (Ossuary)
  14 kobolds
  4 orc zombies (Ossuary)
  5 rats
169 creatures vanquished.

Notes
Turn   | Place    | Note
-------+----------+-------------------------------------------
     0 | D:1      | Gorgoleon the Spriggan Hunter began the quest for the Orb.
     0 | D:1      | Reached XP level 1. HP: 10/10 MP: 2/2
    92 | D:1      | Reached XP level 2. HP: 14/14 MP: 3/3
   781 | D:2      | Reached XP level 3. HP: 12/18 MP: 4/4
   879 | D:2      | Reached skill level 5 in Ranged Weapons
   945 | D:2      | Reached XP level 4. HP: 23/23 MP: 5/5
   984 | D:2      | Noticed Robin
  1014 | D:2      | Killed Robin
  1061 | D:2      | Found a snail-covered altar of Cheibriados.
  1328 | D:2      | Noticed Sigmund
  1562 | D:2      | Killed Sigmund
  1563 | D:2      | Reached skill level 7 in Ranged Weapons
  1563 | D:2      | Reached XP level 5. HP: 26/26 MP: 6/6
  1563 | D:2      | Reached XP level 6. HP: 30/30 MP: 7/7
  2088 | D:3      | Found a sacrificial altar of Ru.
  2175 | D:4      | Noticed Ijyb
  2374 | D:4      | Identified 2 scrolls of acquirement
  2374 | D:4      | Acquired 1205 gold pieces
  2376 | D:4      | Acquired 1078 gold pieces
  2451 | D:4      | Noticed an ice beast
  2661 | D:4      | Killed Ijyb
  2767 | D:4      | Found a hide-covered altar of Uskayaw.
  2782 | D:4      | Noticed a steam dragon
  2829 | D:4      | Killed a steam dragon
  2830 | D:4      | Reached skill level 8 in Ranged Weapons
  2830 | D:4      | Reached XP level 7. HP: 35/35 MP: 8/8
  3051 | D:4      | Found a glowing silver altar of Zin.
  3123 | D:5      | Entered Level 5 of the Dungeon
  3195 | D:5      | Reached skill level 9 in Ranged Weapons
  3438 | D:5      | Reached XP level 8. HP: 39/39 MP: 9/9
  3459 | D:5      | Reached skill level 5 in Dodging
  3741 | D:5      | Reached skill level 10 in Ranged Weapons
  3794 | D:5      | You fall into a shaft and drop 1 floor!
  3798 | D:6      | Found an ancient bone altar of Kikubaaqudgha.
  3799 | D:6      | Found an opulent altar of Gozag.
  4078 | D:5      | Identified the +3 short sword "Grim" {speed, Fragile rF++
                  | Dex+3}
  4358 | D:6      | Found a sand-covered staircase.
  4364 | Ossuary  | Entered an ossuary
  4448 | Ossuary  | Reached skill level 11 in Ranged Weapons
  4662 | Ossuary  | Noticed a silent spectre
  4787 | D:6      | Found a staircase to the Ecumenical Temple.
  4858 | Temple   | Entered the Ecumenical Temple
  4863 | Temple   | Became a worshipper of Warmaster Okawaru
  5151 | D:6      | Reached XP level 9. HP: 42/42 MP: 10/10
  5611 | D:7      | Noticed a kobold demonologist
  5646 | D:6      | Noticed an orange demon
  5647 | D:6      | Noticed a rust devil
  5652 | D:6      | Killed a kobold demonologist
  5653 | D:6      | Reached skill level 12 in Ranged Weapons
  5945 | D:7      | Reached * piety under Okawaru
  5994 | D:7      | Reached skill level 5 in Stealth
  6519 | D:8      | Found Beduwkutz's Armour Shop.
  6574 | D:8      | Identified the +0 pair of gloves of Joy {rPois}
  6673 | D:8      | Reached skill level 13 in Ranged Weapons
  6783 | D:8      | Noticed Maggie
  6783 | D:8      | Noticed Joseph
  6815 | D:8      | Shot with a sling bullet by Joseph

Illustrated notes

Levels and vault maps discovered:
D:1:      shiori_arrival_oz, layout_basic, minmay_misc_feat_columns
D:2:      layout_rooms, basic_altar, uniq_sigmund, uniq_robin
D:3:      layout_rooms, mainiacjoe_overflow_six_doors_small
D:4:      layout_cave_pools, zin_scriptorium, mainiacjoe_overflow_tiny_flanked,
          uniq_ijyb
D:5:      layout_loops_ring
D:6:      layout_loops_ring, nicolae_overflow_squiral, temple_hall,
          nicolae_ossuary_entry_monument, nrook_mini_vaults
D:7:      layout_cave_pools, minmay_misc_feat_rows
D:8:      layout_loops_ring, mainiacjoe_overflow_boulevard, serial_shops, shop,
          uniq_maggie, uniq_joseph
Temple:   minmay_freezing_vapour_temple

Skill      XL: |  1  2  3  4  5  6  7  8  9 |
---------------+----------------------------+-----
Dodging        | 3 4 5 |  5.0
Stealth        | 2 3 5 |  5.0
Fighting       | 2 |  2.0
Ranged Weapons | 5 7 8 9 11 13 | 13.1

Action                     |  1- 3 |  4- 6 |  7- 9 || total
---------------------------+-------+-------+-------++-------
   Fire: Shortbow          |    95 |   183 |   470 ||   748
    Use: Scroll            |       |    14 |     5 ||    19
         Potion            |       |       |     7 ||     7
 Armour: Robe              |     3 |     3 |    12 ||    18
  Dodge: Dodged            |    28 |    33 |   189 ||   250
